Remparts vs Mustangs
Created - February 4, 2021 at 19:01
Goals
|
Remparts |
3 |
1 |
4 |
8 |
Mustangs |
0 |
0 |
6 |
6 |
|
Shots
|
Remparts |
12 |
6 |
13 |
31 |
Mustangs |
10 |
6 |
15 |
31 |
|
1st period
1. Remparts , Griffin Reinhart 7 (Jerry D'Amigo 14, Kerby Rychel 14) at 10:31
2. Remparts , Michael Latta 26 (Michal Jordan 21, Aaron Ekblad 33) at 12:07
3. Remparts , Tobias Rieder 26 (Jonathan Huberdeau 9, Michael Latta 35) at 12:19
Penalties :
Kerby Rychel (Que) for Unsportsmanlike conduct (Minor) at 12:56
2nd period
4. Remparts , Michael Latta 27 (Aaron Ekblad 34) at 4:20
Penalties :
Henrik Samuelsson (Ham) for Delaying the game (Minor) at 9:22, William Colbert (Que) for Hooking (Minor) at 13:06, Igor Bobkov (Que) for Delaying the game (Minor) at 16:44 - Kyle Platzer served the penalty
3rd period
5. Mustangs , Nick Schmaltz 11 (Iven Barbashev 6, Kurt Sauer 3) at 11:16
6. Remparts , Michael Latta 28 (Jonathan Huberdeau 10) at 11:33
7. Mustangs , Craig Smith 17 (Will Butcher 43, Melker Karlsson 39) at 13:18
8. Mustangs , Will Butcher 9 (Iven Barbashev 7) at 13:49
9. Remparts , Matt Puempel 3 (Jerry D'Amigo 15) at 14:19
10. Mustangs , Nick Schmaltz 12 (Will Butcher 44, Scott Mayfield 20) at 15:12
11. Remparts , Jonathan Huberdeau 9 (Michael Latta 36) at 15:20
12. Mustangs , Henrik Samuelsson 12 (Jordan Schmaltz 13) at 16:46
13. Mustangs , Iven Barbashev 7 (Nick Schmaltz 10, Jordan Schmaltz 14) at 17:17
14. Remparts , Kerby Rychel 15 (Jerry D'Amigo 16, William Colbert 12) at 18:13
Penalties :
Craig Smith (Ham) for Fighting (Major) at 2:48, Tobias Rieder (Que) for Fighting (Major) at 2:48, Will Butcher (Ham) for High sticking (Minor) at 3:39
Goalie Stats
Igor Bobkov (Que), 25 saves from 31 shots - (0.806), W, 22-5-1, 60:00 minutes
Anthony Stolarz (Ham), 12 saves from 16 shots - (0.750), L, 2-5-0, 35:40 minutes
Connor Hellebyuk (Ham), 11 saves from 15 shots - (0.733), 24:20 minutes
Players Stats for Remparts
Player Name G A P +/- PIM S H SB GA TA FO MP PP MP PK MP
------------------------------------------------------------------------------------
Aaron Ekblad 0 2 2 1 0 6 1 1 0 0 0/0 28:57 2:33 2:57
Griffin Reinhart 1 0 1 3 0 2 0 1 1 0 0/0 17:46 1:25 1:10
Jake Virtanen 0 0 0 -2 0 1 3 0 0 0 0/0 14:52 2:03 0:00
Jerry D'Amigo 0 3 3 0 0 1 1 0 1 1 0/1 13:49 0:56 1:05
John Draeger 0 0 0 0 0 0 0 1 1 0 0/0 13:28 0:00 2:18
Jonathan Huberdeau 1 2 3 4 0 3 1 0 2 1 1/2 21:52 2:07 2:00
Kerby Rychel 1 1 2 0 2 3 1 0 1 0 0/1 13:28 1:51 0:00
Kyle Platzer 0 0 0 0 0 0 0 0 0 0 2/4 8:47 0:00 0:31
Matt Puempel 1 0 1 -2 0 1 1 0 0 0 0/0 12:03 0:00 0:00
Michael Latta 3 2 5 4 0 6 2 0 0 0 12/33 22:59 2:07 2:57
Michael McCarron 0 0 0 0 0 0 2 0 0 0 0/0 8:31 0:00 0:00
Michal Jordan 0 1 1 0 0 0 0 6 0 2 0/0 24:18 2:33 0:15
Mitchell Heard 0 0 0 -2 0 0 0 0 1 0 4/7 12:12 0:00 0:02
Niklas Hansson 0 0 0 -1 0 0 1 2 0 0 0/0 17:00 0:00 3:47
Quinton Howden 0 0 0 0 0 2 2 0 0 0 4/9 15:50 1:51 2:27
Roberts Lipsbergs 0 0 0 0 0 0 0 0 0 0 0/0 8:39 0:00 0:03
Tobias Rieder 1 0 1 4 5 6 1 1 0 0 1/2 20:59 0:59 2:49
William Colbert 0 1 1 1 2 0 2 0 0 2 0/0 18:30 1:25 1:27
Players Stats for Mustangs
Player Name G A P +/- PIM S H SB GA TA FO MP PP MP PK MP
------------------------------------------------------------------------------------
Andrew O'Brien 0 0 0 -1 0 0 3 2 0 0 0/0 19:50 2:35 1:28
Antti Suomela 0 0 0 0 0 0 0 0 0 0 0/2 8:10 0:00 0:18
Chrstian Dvorak 0 0 0 -1 0 0 0 0 0 0 0/0 13:58 2:32 0:00
Craig Smith 1 0 1 -5 5 5 1 1 1 0 2/3 20:36 3:07 0:59
Curtis Hamilton 0 0 0 0 0 0 0 1 1 0 0/0 10:12 0:00 1:51
Dakota Mermis 0 0 0 -1 0 0 0 1 0 2 0/0 10:59 0:00 0:00
Henrik Samuelsson 1 0 1 -1 2 2 3 0 0 0 7/9 15:22 2:42 0:51
Iven Barbashev 1 2 3 4 0 3 1 0 1 0 4/7 13:12 0:08 0:00
Jonathan Drouin 0 0 0 -5 0 2 2 0 0 1 1/1 20:39 3:07 0:00
Jordan Schmaltz 0 2 2 -1 0 1 0 0 1 1 0/0 19:50 2:35 1:28
Josh Jooris 0 0 0 -1 0 2 2 2 1 0 0/0 14:46 2:42 0:27
Kurt Sauer 0 1 1 -1 0 1 1 2 0 0 0/0 12:20 0:00 1:21
Max Gortz 0 0 0 0 0 0 0 0 0 0 0/0 8:29 0:08 0:00
Melker Karlsson 0 1 1 -5 0 2 2 1 0 0 21/36 22:46 3:07 2:07
Nick Schmaltz 2 1 3 4 0 3 4 0 0 0 0/0 14:13 0:18 0:00
Raphael Bussieres 0 0 0 4 0 2 1 0 0 1 0/1 13:30 0:00 1:23
Scott Mayfield 0 1 1 0 0 2 4 0 0 1 0/0 29:11 3:22 2:30
Will Butcher 1 2 3 0 2 6 0 2 1 1 0/0 27:56 3:22 1:09
3 Stars
1 - Michael Latta (Que)
2 - Nick Schmaltz (Ham)
3 - Jonathan Huberdeau (Que)
Power Play
Remparts - 0 on 2 Attempt(s) - 0.00%
Mustangs - 0 on 3 Attempt(s) - 0.00%
Penalty Kill
Remparts - 3 on 3 Attempt(s) - 100.00%
- Score 0 goal in Penalty Kill
Mustangs - 2 on 2 Attempt(s) - 100.00%
- Score 0 goal in Penalty Kill
Team Stat
Remparts - Hits : 18 - Faceoff Wins : 24 - Blocked Shots : 12 - Penalty Minutes : 11
Mustangs - Hits : 24 - Faceoff Wins : 35 - Blocked Shots : 12 - Penalty Minutes : 9
Official
Referees : Unknown
Linesman : Unknown
Game Notes
Anthony Stolarz enters game at 4:20 of 2nd period
Craig Smith and Tobias Rieder fight to a draw at 2:48 of 3rd period
Michael Latta has scored a Hat Trick!
Griffin Reinhart is injured at 12:33 of 3rd period (Broken Ribs)
15:12 of 3rd period - Mustangs goal is going for a video replay. After video review, Goal.
Finance
Level 1 -- Attendance: 1229 (61.45%) -- Ticket Income $49,160
Level 2 -- Attendance: 718 (71.80%) -- Ticket Income $14,360
Total Attendance: 1947 (64.90%)
Total Ticket Income: $63,520
Other Income: $3,176
Total Income: $66,696
Remparts
5 vs 5 Forward
Center Left Wing Right Wing Time % Phy DF OF
1 Michael Latta Jonathan Huberdeau Tobias Rieder 40 0 2 3
2 Quinton Howden Kerby Rychel Jerry D'Amigo 30 0 2 3
3 Mitchell Heard Matt Puempel Jake Virtanen 20 0 3 2
4 Kyle Platzer Roberts Lipsbergs Michael McCarron 10 1 2 2
5 vs 5 Defense
Defense Defense Time % Phy DF OF
1 Aaron Ekblad Michal Jordan 40 0 2 3
2 William Colbert Griffin Reinhart 30 0 2 3
3 Niklas Hansson John Draeger 20 1 2 2
4 Aaron Ekblad Griffin Reinhart 10 0 2 3
PowerPlay Forward
Center Left Wing Right Wing Time % Phy DF OF
1 Michael Latta Jonathan Huberdeau Tobias Rieder 60 0 1 4
2 Quinton Howden Kerby Rychel Jake Virtanen 40 0 1 4
PowerPlay Defense
Defense Defense Time % Phy DF OF
1 Aaron Ekblad Michal Jordan 60 0 2 3
2 Griffin Reinhart William Colbert 40 0 2 3
Penalty Kill 4 Players Forward
Center Wing Time % Phy DF OF
1 Michael Latta Tobias Rieder 60 1 3 1
2 Quinton Howden Jerry D'Amigo 40 1 3 1
Penalty Kill 4 Players Defense
Defense Defense Time % Phy DF OF
1 Aaron Ekblad Niklas Hansson 60 1 4 0
2 William Colbert John Draeger 40 1 4 0
Penalty Kill - 3 Players Forward
Forward Time % Phy DF OF
1 Michael Latta 60 1 3 1
2 Tobias Rieder 40 1 3 1
Penalty Kill - 3 Players Defense
Defense Defense Time % Phy DF OF
1 Aaron Ekblad Niklas Hansson 60 1 4 0
2 John Draeger William Colbert 40 1 4 0
4 vs 4 Forward
Center Wing Time % Phy DF OF
1 Michael Latta Jonathan Huberdeau 60 0 2 3
2 Quinton Howden Tobias Rieder 40 0 2 3
4 vs 4 Defense
Defense Defense Time % Phy DF OF
1 Aaron Ekblad Michal Jordan 60 0 2 3
2 William Colbert Griffin Reinhart 40 0 2 3
Last Minutes Offensive
Center Left Wing Right Wing Defense Defense
Michael Latta Jonathan Huberdeau Tobias Rieder Aaron Ekblad Michal Jordan
Last Minutes Defensive
Center Left Wing Right Wing Defense Defense
Michael Latta Kerby Rychel Tobias Rieder Aaron Ekblad Niklas Hansson
Goaltenders
Starting : Igor Bobkov
Backup : Garret Sparks
Extra Forwards
Normal : Jake Virtanen, Jonathan Huberdeau, Tobias Rieder - PP : Jake Virtanen, Tobias Rieder - PK : Michael Latta
Extra Defensemen
Normal : Griffin Reinhart, Aaron Ekblad, Michal Jordan - PP : Niklas Hansson - PK : John Draeger, Aaron Ekblad
Penalty Shots
Jerry D'Amigo, Jake Virtanen, Jonathan Huberdeau, Quinton Howden, Tobias Rieder
Scratches
Viktor Baldayev (Healthy), Juuso Ikonen (Healthy), Michael Downing (Healthy), Keaton Thompson (Healthy), Connor Honey (Healthy)
Lukas Vejdemo (Healthy), Kyle Capobianco (Healthy), Dmytro Timashov (Healthy), Anton Zlobin (Healthy), Aleksander Barkov (Strained Right Elbow Injury)
Nelson Nogier (Healthy), Jake Walman (Healthy), Marek Langhamer (Healthy)
Mustangs
5 vs 5 Forward
Center Left Wing Right Wing Time % Phy DF OF
1 Melker Karlsson Jonathan Drouin Craig Smith 40 0 2 3
2 Henrik Samuelsson Chrstian Dvorak Josh Jooris 30 0 2 3
3 Iven Barbashev Raphael Bussieres Nick Schmaltz 20 0 2 3
4 Antti Suomela Curtis Hamilton Max Gortz 10 0 2 3
5 vs 5 Defense
Defense Defense Time % Phy DF OF
1 Scott Mayfield Will Butcher 40 1 2 2
2 Jordan Schmaltz Andrew O'Brien 30 1 2 2
3 Dakota Mermis Kurt Sauer 20 1 2 2
4 Scott Mayfield Will Butcher 10 1 2 2
PowerPlay Forward
Center Left Wing Right Wing Time % Phy DF OF
1 Melker Karlsson Jonathan Drouin Craig Smith 60 1 2 2
2 Henrik Samuelsson Chrstian Dvorak Josh Jooris 40 1 2 2
PowerPlay Defense
Defense Defense Time % Phy DF OF
1 Scott Mayfield Will Butcher 60 1 2 2
2 Jordan Schmaltz Andrew O'Brien 40 1 2 2
Penalty Kill 4 Players Forward
Center Wing Time % Phy DF OF
1 Melker Karlsson Craig Smith 60 1 2 2
2 Henrik Samuelsson Josh Jooris 40 1 2 2
Penalty Kill 4 Players Defense
Defense Defense Time % Phy DF OF
1 Scott Mayfield Will Butcher 60 1 2 2
2 Jordan Schmaltz Andrew O'Brien 40 1 2 2
Penalty Kill - 3 Players Forward
Forward Time % Phy DF OF
1 Melker Karlsson 60 1 2 2
2 Henrik Samuelsson 40 1 2 2
Penalty Kill - 3 Players Defense
Defense Defense Time % Phy DF OF
1 Scott Mayfield Will Butcher 60 1 2 2
2 Jordan Schmaltz Andrew O'Brien 40 1 2 2
4 vs 4 Forward
Center Wing Time % Phy DF OF
1 Melker Karlsson Craig Smith 60 1 2 2
2 Henrik Samuelsson Josh Jooris 40 1 2 2
4 vs 4 Defense
Defense Defense Time % Phy DF OF
1 Scott Mayfield Will Butcher 60 1 2 2
2 Jordan Schmaltz Andrew O'Brien 40 1 2 2
Last Minutes Offensive
Center Left Wing Right Wing Defense Defense
Melker Karlsson Jonathan Drouin Craig Smith Scott Mayfield Will Butcher
Last Minutes Defensive
Center Left Wing Right Wing Defense Defense
Melker Karlsson Chrstian Dvorak Craig Smith Scott Mayfield Will Butcher
Goaltenders
Starting : Connor Hellebyuk
Backup : Anthony Stolarz
Extra Forwards
Normal : Nick Schmaltz, Iven Barbashev, Curtis Hamilton - PP : Nick Schmaltz, Iven Barbashev - PK : Curtis Hamilton
Extra Defensemen
Normal : Will Butcher, Jordan Schmaltz, Scott Mayfield - PP : Will Butcher - PK : Kurt Sauer, Andrew O'Brien
Penalty Shots
Nick Schmaltz, Melker Karlsson, Josh Jooris, Jonathan Drouin, Craig Smith
Scratches
Anthony Beauvillier (Sprained Right Knee Injury), Denis Malgin (Healthy), Matthew Finn (Healthy), Danny Biega (Healthy), Sam Kurker (Healthy)
Josh Ho-Sang (Healthy), Brett Pollock (Healthy), Steven Spinner (Healthy), Jason Missiaen (Healthy)
% Time on Ice - Remparts
Lines # - Real PCT - Wanted PCT - Time Play
Normal Forward
1 - 37% - 40% - 18:32
2 - 23% - 30% - 11:21
3 - 24% - 20% - 12:03
4 - 16% - 10% - 8:09
Normal Defense
1 - 40% - 40% - 20:01
2 - 33% - 30% - 16:21
3 - 21% - 20% - 10:46
4 - 6% - 10% - 2:57
PP Forward
1 - 53% - 60% - 2:07
2 - 47% - 40% - 1:51
PP Defense
1 - 64% - 60% - 2:33
2 - 36% - 40% - 1:25
PK Forward
1 - 82% - 60% - 4:52
2 - 18% - 40% - 1:05
PK Defense
1 - 55% - 60% - 3:15
2 - 45% - 40% - 2:42
PK3 Forward
1 - 0% - 60%
2 - 0% - 40%
PK3 Defense
1 - 0% - 60%
2 - 0% - 40%
44 Forward
1 - 0% - 60%
2 - 0% - 40%
44 Defense
1 - 0% - 60%
2 - 0% - 40%
Last Minute Offensive - 0:00
Last Minute Defensive - 0:00
Total
Forward - 60:00
Defense - 60:00
|
% Time on Ice - Mustangs
Lines # - Real PCT - Wanted PCT - Time Play
Normal Forward
1 - 38% - 40% - 18:49
2 - 23% - 30% - 11:30
3 - 24% - 20% - 12:00
4 - 16% - 10% - 7:46
Normal Defense
1 - 41% - 40% - 20:38
2 - 31% - 30% - 15:40
3 - 22% - 20% - 10:59
4 - 6% - 10% - 2:48
PP Forward
1 - 55% - 60% - 3:15
2 - 45% - 40% - 2:42
PP Defense
1 - 57% - 60% - 3:22
2 - 43% - 40% - 2:35
PK Forward
1 - 89% - 60% - 3:31
2 - 11% - 40% - 0:27
PK Defense
1 - 65% - 60% - 2:34
2 - 35% - 40% - 1:24
PK3 Forward
1 - 0% - 60%
2 - 0% - 40%
PK3 Defense
1 - 0% - 60%
2 - 0% - 40%
44 Forward
1 - 0% - 60%
2 - 0% - 40%
44 Defense
1 - 0% - 60%
2 - 0% - 40%
Last Minute Offensive - 0:00
Last Minute Defensive - 0:00
Total
Forward - 60:00
Defense - 60:00
|
Play-by-Play
1st period
0:01 of 1st period - Melker Karlsson wins face-off versus Tobias Rieder in neutral zone.
0:04 of 1st period - Wrist shot by Craig Smith.
0:04 of 1st period - Stopped by Igor Bobkov with a rebound.
0:06 of 1st period - Snap shot by Craig Smith.
0:06 of 1st period - Deflect By Aaron Ekblad.
0:06 of 1st period - Stopped by Igor Bobkov with a rebound.
1:25 of 1st period - Jonathan Drouin is hit by William Colbert and loses puck.
2:50 of 1st period - Off-side.
2:51 of 1st period - Kyle Platzer wins face-off versus Melker Karlsson in neutral zone.
3:43 of 1st period - Jordan Schmaltz is hit by Quinton Howden and loses puck.
4:17 of 1st period - Michal Jordan is hit by Jonathan Drouin and loses puck.
4:30 of 1st period - Wrist shot by Michael Latta.
4:30 of 1st period - Shot Blocked by Kurt Sauer.
4:32 of 1st period - Snap shot by Tobias Rieder.
4:32 of 1st period - Shot Misses the Net.
4:34 of 1st period - Snap shot by Jonathan Huberdeau.
4:34 of 1st period - Stopped by Connor Hellebyuk with a rebound.
4:36 of 1st period - Snap shot by Aaron Ekblad.
4:36 of 1st period - Stopped by Connor Hellebyuk with a rebound.
4:38 of 1st period - Slapshot by Aaron Ekblad.
4:38 of 1st period - Shot Misses the Net.
5:14 of 1st period - Kerby Rychel is hit by Nick Schmaltz and loses puck.
5:58 of 1st period - Niklas Hansson is hit by Josh Jooris and loses puck.
6:02 of 1st period - Icing by Jake Virtanen.
6:03 of 1st period - Melker Karlsson wins face-off versus Mitchell Heard in Remparts zone.
6:04 of 1st period - Snap shot by Craig Smith.
6:04 of 1st period - Stopped by Igor Bobkov with a rebound.
6:06 of 1st period - Slapshot by Jonathan Drouin.
6:06 of 1st period - Shot Blocked by Griffin Reinhart.
6:08 of 1st period - Wrist shot by Melker Karlsson.
6:08 of 1st period - Deflect By Jonathan Drouin.
6:08 of 1st period - Shot Misses the Net.
6:08 of 1st period - Puck is out of play.
6:09 of 1st period - Michael Latta wins face-off versus Melker Karlsson in Remparts zone.
6:24 of 1st period - Snap shot by Jonathan Huberdeau.
6:24 of 1st period - Shot Misses the Net.
6:33 of 1st period - Off-side.
6:34 of 1st period - Quinton Howden wins face-off versus Henrik Samuelsson in neutral zone.
6:45 of 1st period - Wrist shot by Kerby Rychel.
6:45 of 1st period - Shot Misses the Net.
7:01 of 1st period - Will Butcher is hit by Aaron Ekblad and loses puck.
7:08 of 1st period - Snap shot by Jonathan Huberdeau.
7:08 of 1st period - Shot Misses the Net.
7:34 of 1st period - Jordan Schmaltz is hit by Jake Virtanen and loses puck.
7:41 of 1st period - Griffin Reinhart is hit by Nick Schmaltz.
8:17 of 1st period - Snap shot by Iven Barbashev.
8:17 of 1st period - Stopped by Igor Bobkov without a rebound.
8:18 of 1st period - Michael Latta wins face-off versus Melker Karlsson in Remparts zone.
8:33 of 1st period - Snap shot by Jonathan Huberdeau.
8:33 of 1st period - Shot Misses the Net.
8:47 of 1st period - Slapshot by Henrik Samuelsson.
8:47 of 1st period - Shot Blocked by Aaron Ekblad.
8:49 of 1st period - Wrist shot by Will Butcher.
8:49 of 1st period - Shot Misses the Net.
8:51 of 1st period - Slapshot by Will Butcher.
8:51 of 1st period - Stopped by Igor Bobkov without a rebound.
8:52 of 1st period - Henrik Samuelsson wins face-off versus Kerby Rychel in Remparts zone.
9:38 of 1st period - Michal Jordan is hit by Scott Mayfield and loses puck.
10:27 of 1st period - Wrist shot by Kerby Rychel.
10:27 of 1st period - Stopped by Connor Hellebyuk with a rebound.
10:29 of 1st period - Wrist shot by Jerry D'Amigo.
10:29 of 1st period - Shot Blocked by Josh Jooris.
10:31 of 1st period - Slapshot by Griffin Reinhart.
10:31 of 1st period - Goal by Griffin Reinhart - Remparts : 1 - Mustangs : 0.
10:32 of 1st period - Melker Karlsson wins face-off versus Michael Latta in neutral zone.
10:58 of 1st period - Aaron Ekblad is hit by Josh Jooris and loses puck.
11:21 of 1st period - Slapshot by Max Gortz.
11:21 of 1st period - Shot Blocked by John Draeger.
11:41 of 1st period - Snap shot by Jake Virtanen.
11:41 of 1st period - Stopped by Connor Hellebyuk without a rebound.
11:42 of 1st period - Mitchell Heard wins face-off versus Iven Barbashev in Mustangs zone.
11:51 of 1st period - Slapshot by Jake Virtanen.
11:51 of 1st period - Shot Misses the Net.
11:53 of 1st period - Slapshot by Aaron Ekblad.
11:53 of 1st period - Stopped by Connor Hellebyuk without a rebound.
11:54 of 1st period - Melker Karlsson wins face-off versus Michael Latta in Mustangs zone.
12:01 of 1st period - Snap shot by Michael Latta.
12:01 of 1st period - Stopped by Connor Hellebyuk with a rebound.
12:03 of 1st period - Slapshot by Aaron Ekblad.
12:03 of 1st period - Stopped by Connor Hellebyuk with a rebound.
12:05 of 1st period - Slapshot by Michal Jordan.
12:05 of 1st period - Shot Blocked by Craig Smith.
12:07 of 1st period - Wrist shot by Michael Latta.
12:07 of 1st period - Goal by Michael Latta - Remparts : 2 - Mustangs : 0.
12:08 of 1st period - Michael Latta wins face-off versus Melker Karlsson in neutral zone.
12:17 of 1st period - Wrist shot by Tobias Rieder.
12:17 of 1st period - Shot Blocked by Will Butcher.
12:19 of 1st period - Wrist shot by Tobias Rieder.
12:19 of 1st period - Goal by Tobias Rieder - Remparts : 3 - Mustangs : 0.
12:20 of 1st period - Melker Karlsson wins face-off versus Michael Latta in neutral zone.
12:25 of 1st period - Wrist shot by Craig Smith.
12:25 of 1st period - Shot Misses the Net.
12:27 of 1st period - Wrist shot by Jonathan Drouin.
12:27 of 1st period - Deflect By Melker Karlsson.
12:27 of 1st period - Stopped by Igor Bobkov with a rebound.
12:29 of 1st period - Snap shot by Melker Karlsson.
12:29 of 1st period - Shot Blocked by Michal Jordan.
12:31 of 1st period - Slapshot by Will Butcher.
12:31 of 1st period - Shot Misses the Net.
12:33 of 1st period - Snap shot by Craig Smith.
12:33 of 1st period - Shot Misses the Net.
12:35 of 1st period - Snap shot by Melker Karlsson.
12:35 of 1st period - Stopped by Igor Bobkov with a rebound.
12:47 of 1st period - Jerry D'Amigo is hit by Henrik Samuelsson.
12:56 of 1st period - Minor Penalty to Kerby Rychel for Unsportsmanlike conduct.
12:57 of 1st period - Michael Latta wins face-off versus Melker Karlsson in Remparts zone.
13:34 of 1st period - Slapshot by Henrik Samuelsson.
13:34 of 1st period - Shot Blocked by Tobias Rieder.
14:56 of 1st period - Penalty to Kerby Rychel is over, Kerby Rychel is back on ice.
15:04 of 1st period - Slapshot by Tobias Rieder.
15:04 of 1st period - Deflect By Michael Latta.
15:04 of 1st period - Stopped by Connor Hellebyuk with a rebound.
16:03 of 1st period - Chrstian Dvorak is hit by Jake Virtanen and loses puck.
16:17 of 1st period - Icing by Mitchell Heard.
16:18 of 1st period - Mitchell Heard wins face-off versus Antti Suomela in Remparts zone.
16:44 of 1st period - Aaron Ekblad is hit by Raphael Bussieres and loses puck.
17:05 of 1st period - Melker Karlsson is hit by Matt Puempel and loses puck.
18:00 of 1st period - Slapshot by Kerby Rychel.
18:00 of 1st period - Stopped by Connor Hellebyuk with a rebound.
18:10 of 1st period - Slapshot by Jordan Schmaltz.
18:10 of 1st period - Deflect By Craig Smith.
18:10 of 1st period - Stopped by Igor Bobkov without a rebound.
18:11 of 1st period - Craig Smith wins face-off versus Kyle Platzer in Remparts zone.
18:12 of 1st period - Snap shot by Jonathan Drouin.
18:12 of 1st period - Stopped by Igor Bobkov without a rebound.
18:13 of 1st period - Kyle Platzer wins face-off versus Melker Karlsson in Remparts zone.
18:26 of 1st period - Snap shot by Jonathan Drouin.
18:26 of 1st period - Stopped by Igor Bobkov without a rebound.
18:27 of 1st period - Henrik Samuelsson wins face-off versus Michael Latta in Remparts zone.
Goals for this period are 3 for Remparts vs 0 for Mustangs.
Shots for this period are 12 for Remparts vs 10 for Mustangs.
2nd period
0:01 of 2nd period - Michael Latta wins face-off versus Melker Karlsson in neutral zone.
0:03 of 2nd period - Off-side.
0:04 of 2nd period - Melker Karlsson wins face-off versus Michael Latta in neutral zone.
1:12 of 2nd period - Niklas Hansson is hit by Andrew O'Brien and loses puck.
1:51 of 2nd period - Snap shot by Quinton Howden.
1:51 of 2nd period - Stopped by Connor Hellebyuk with a rebound.
1:53 of 2nd period - Wrist shot by Jerry D'Amigo.
1:53 of 2nd period - Stopped by Connor Hellebyuk with a rebound.
2:32 of 2nd period - Andrew O'Brien is hit by Michael Latta and loses puck.
2:36 of 2nd period - Off-side.
2:37 of 2nd period - Quinton Howden wins face-off versus Craig Smith in neutral zone.
3:02 of 2nd period - William Colbert is hit by Henrik Samuelsson and loses puck.
3:56 of 2nd period - Wrist shot by Nick Schmaltz.
3:56 of 2nd period - Stopped by Igor Bobkov without a rebound.
3:57 of 2nd period - Melker Karlsson wins face-off versus Kyle Platzer in Remparts zone.
4:04 of 2nd period - Wrist shot by Jonathan Drouin.
4:04 of 2nd period - Shot Blocked by Michal Jordan.
4:06 of 2nd period - Slapshot by Kurt Sauer.
4:06 of 2nd period - Stopped by Igor Bobkov without a rebound.
4:07 of 2nd period - Michael Latta wins face-off versus Melker Karlsson in Remparts zone.
4:20 of 2nd period - Snap shot by Michael Latta.
4:20 of 2nd period - Goal by Michael Latta - Remparts : 4 - Mustangs : 0.
4:20 of 2nd period - Anthony Stolarz enters game.
4:21 of 2nd period - Michael Latta wins face-off versus Melker Karlsson in neutral zone.
4:32 of 2nd period - Slapshot by Tobias Rieder.
4:32 of 2nd period - Stopped by Anthony Stolarz without a rebound.
4:33 of 2nd period - Jonathan Drouin wins face-off versus Michael Latta in Mustangs zone.
5:48 of 2nd period - Slapshot by Kyle Platzer.
5:48 of 2nd period - Shot Misses the Net.
6:02 of 2nd period - Jonathan Huberdeau is hit by Melker Karlsson and loses puck.
6:23 of 2nd period - Backhand shot by Quinton Howden.
6:23 of 2nd period - Stopped by Anthony Stolarz with a rebound.
6:25 of 2nd period - Wrist shot by Griffin Reinhart.
6:25 of 2nd period - Stopped by Anthony Stolarz with a rebound.
6:27 of 2nd period - Slapshot by Griffin Reinhart.
6:27 of 2nd period - Shot Misses the Net.
6:29 of 2nd period - Slapshot by Griffin Reinhart.
6:29 of 2nd period - Shot Hit the Post.
7:41 of 2nd period - Slapshot by Will Butcher.
7:41 of 2nd period - Shot Blocked by Michal Jordan.
9:01 of 2nd period - Melker Karlsson is hit by Niklas Hansson and loses puck.
9:12 of 2nd period - Wrist shot by Matt Puempel.
9:12 of 2nd period - Deflect By Jonathan Drouin.
9:12 of 2nd period - Shot Blocked by Melker Karlsson.
9:12 of 2nd period - Puck is out of play.
9:13 of 2nd period - Quinton Howden wins face-off versus Henrik Samuelsson in Mustangs zone.
9:22 of 2nd period - Minor Penalty to Henrik Samuelsson for Delaying the game.
9:23 of 2nd period - Melker Karlsson wins face-off versus Jonathan Huberdeau in Mustangs zone.
10:42 of 2nd period - Jordan Schmaltz is hit by Tobias Rieder and loses puck.
11:22 of 2nd period - Penalty to Henrik Samuelsson is over, Henrik Samuelsson is back on ice.
12:20 of 2nd period - William Colbert is hit by Jonathan Drouin and loses puck.
12:41 of 2nd period - Iven Barbashev is hit by Jake Virtanen and loses puck.
13:06 of 2nd period - Minor Penalty to William Colbert for Hooking.
13:07 of 2nd period - Melker Karlsson wins face-off versus Michael Latta in Remparts zone.
13:08 of 2nd period - Wrist shot by Craig Smith.
13:08 of 2nd period - Shot Blocked by Niklas Hansson.
13:39 of 2nd period - Slapshot by Scott Mayfield.
13:39 of 2nd period - Stopped by Igor Bobkov with a rebound.
13:41 of 2nd period - Wrist shot by Josh Jooris.
13:41 of 2nd period - Shot Misses the Net.
15:06 of 2nd period - Penalty to William Colbert is over, William Colbert is back on ice.
16:09 of 2nd period - Tobias Rieder is hit by Henrik Samuelsson and loses puck.
16:24 of 2nd period - Chrstian Dvorak is hit by William Colbert and loses puck.
16:33 of 2nd period - Roberts Lipsbergs is hit by Scott Mayfield and loses puck.
16:44 of 2nd period - Wrist shot by Josh Jooris.
16:44 of 2nd period - Stopped by Igor Bobkov without a rebound.
16:44 of 2nd period - Minor Penalty to Igor Bobkov for Delaying the game.
16:45 of 2nd period - Melker Karlsson wins face-off versus Michael Latta in Remparts zone.
16:48 of 2nd period - Snap shot by Craig Smith.
16:48 of 2nd period - Shot Misses the Net.
16:50 of 2nd period - Snap shot by Craig Smith.
16:50 of 2nd period - Shot Misses the Net.
16:52 of 2nd period - Slapshot by Scott Mayfield.
16:52 of 2nd period - Deflect By Tobias Rieder.
16:52 of 2nd period - Stopped by Igor Bobkov without a rebound.
16:53 of 2nd period - Melker Karlsson wins face-off versus Michael Latta in Remparts zone.
16:56 of 2nd period - Slapshot by Will Butcher.
16:56 of 2nd period - Stopped by Igor Bobkov with a rebound.
18:44 of 2nd period - Penalty to Kyle Platzer is over, Kyle Platzer is back on ice.
18:53 of 2nd period - Icing by Jonathan Huberdeau.
18:54 of 2nd period - Mitchell Heard wins face-off versus Antti Suomela in Remparts zone.
19:05 of 2nd period - Snap shot by Jake Virtanen.
19:05 of 2nd period - Shot Blocked by Kurt Sauer.
19:07 of 2nd period - Slapshot by Griffin Reinhart.
19:07 of 2nd period - Shot Blocked by Curtis Hamilton.
Goals for this period are 1 for Remparts vs 0 for Mustangs.
Shots for this period are 6 for Remparts vs 6 for Mustangs.
3rd period
0:01 of 3rd period - Tobias Rieder wins face-off versus Melker Karlsson in neutral zone.
0:04 of 3rd period - Snap shot by Michael Latta.
0:04 of 3rd period - Stopped by Anthony Stolarz with a rebound.
0:16 of 3rd period - Slapshot by Will Butcher.
0:16 of 3rd period - Shot Blocked by Michal Jordan.
0:46 of 3rd period - Wrist shot by Tobias Rieder.
0:46 of 3rd period - Stopped by Anthony Stolarz with a rebound.
0:48 of 3rd period - Snap shot by Michal Jordan.
0:48 of 3rd period - Deflect By Tobias Rieder.
0:48 of 3rd period - Stopped by Anthony Stolarz with a rebound.
0:50 of 3rd period - Slapshot by Aaron Ekblad.
0:50 of 3rd period - Deflect By Michael Latta.
0:50 of 3rd period - Shot Misses the Net.
0:50 of 3rd period - Puck is out of play.
0:51 of 3rd period - Melker Karlsson wins face-off versus Jerry D'Amigo in Mustangs zone.
0:51 of 3rd period - Melker Karlsson is hit by Kerby Rychel.
1:28 of 3rd period - Off-side.
1:29 of 3rd period - Henrik Samuelsson wins face-off versus Mitchell Heard in neutral zone.
2:18 of 3rd period - Backhand shot by Jonathan Huberdeau.
2:18 of 3rd period - Shot Blocked by Dakota Mermis.
2:20 of 3rd period - Wrist shot by Tobias Rieder.
2:20 of 3rd period - Stopped by Anthony Stolarz without a rebound.
2:21 of 3rd period - Michael Latta wins face-off versus Raphael Bussieres in Mustangs zone.
2:24 of 3rd period - Snap shot by Tobias Rieder.
2:24 of 3rd period - Stopped by Anthony Stolarz without a rebound.
2:25 of 3rd period - Melker Karlsson wins face-off versus Michael Latta in Mustangs zone.
2:35 of 3rd period - Icing by Tobias Rieder.
2:36 of 3rd period - Melker Karlsson wins face-off versus Michael Latta in Remparts zone.
2:48 of 3rd period - Craig Smith and Tobias Rieder fight to a draw.
2:48 of 3rd period - Penalty to Craig Smith for Fighting.
2:48 of 3rd period - Penalty to Tobias Rieder for Fighting.
2:49 of 3rd period - Melker Karlsson wins face-off versus Michael Latta in Mustangs zone.
2:58 of 3rd period - Snap shot by Michael Latta.
2:58 of 3rd period - Shot Misses the Net.
3:30 of 3rd period - Wrist shot by Michael Latta.
3:30 of 3rd period - Shot Blocked by Andrew O'Brien.
3:32 of 3rd period - Snap shot by Jonathan Huberdeau.
3:32 of 3rd period - Shot Misses the Net.
3:34 of 3rd period - Wrist shot by Michael Latta.
3:34 of 3rd period - Shot Blocked by Andrew O'Brien.
3:36 of 3rd period - Slapshot by Aaron Ekblad.
3:36 of 3rd period - Stopped by Anthony Stolarz without a rebound.
3:37 of 3rd period - Melker Karlsson wins face-off versus Quinton Howden in Mustangs zone.
3:39 of 3rd period - Minor Penalty to Will Butcher for High sticking.
3:40 of 3rd period - Michael Latta wins face-off versus Melker Karlsson in Mustangs zone.
3:44 of 3rd period - Wrist shot by Jonathan Huberdeau.
3:44 of 3rd period - Stopped by Anthony Stolarz with a rebound.
3:46 of 3rd period - Backhand shot by Jonathan Huberdeau.
3:46 of 3rd period - Shot Misses the Net.
3:48 of 3rd period - Snap shot by Michael Latta.
3:48 of 3rd period - Shot Misses the Net.
4:27 of 3rd period - Icing by Griffin Reinhart.
4:28 of 3rd period - Henrik Samuelsson wins face-off versus Quinton Howden in Remparts zone.
4:37 of 3rd period - Andrew O'Brien is hit by Quinton Howden and loses puck.
5:39 of 3rd period - Penalty to Will Butcher is over, Will Butcher is back on ice.
5:54 of 3rd period - Kyle Platzer is hit by Nick Schmaltz and loses puck.
6:38 of 3rd period - Michal Jordan is hit by Nick Schmaltz and loses puck.
8:10 of 3rd period - Niklas Hansson is hit by Iven Barbashev and loses puck.
8:25 of 3rd period - Kerby Rychel is hit by Andrew O'Brien and loses puck.
8:36 of 3rd period - Jordan Schmaltz is hit by Michael McCarron and loses puck.
9:18 of 3rd period - Niklas Hansson is hit by Kurt Sauer.
9:38 of 3rd period - Curtis Hamilton is hit by Michael McCarron and loses puck.
10:31 of 3rd period - William Colbert is hit by Craig Smith and loses puck.
10:42 of 3rd period - Andrew O'Brien is hit by Jerry D'Amigo and loses puck.
11:16 of 3rd period - Snap shot by Nick Schmaltz.
11:16 of 3rd period - Goal by Nick Schmaltz - Remparts : 4 - Mustangs : 1.
11:17 of 3rd period - Melker Karlsson wins face-off versus Michael Latta in neutral zone.
11:17 of 3rd period - Melker Karlsson is hit by Jonathan Huberdeau.
11:33 of 3rd period - Wrist shot by Michael Latta.
11:33 of 3rd period - Goal by Michael Latta - Remparts : 5 - Mustangs : 1.
11:34 of 3rd period - Melker Karlsson wins face-off versus Michael Latta in neutral zone.
11:47 of 3rd period - Snap shot by Jonathan Drouin.
11:47 of 3rd period - Deflect By Craig Smith.
11:47 of 3rd period - Shot Misses the Net.
11:47 of 3rd period - Puck is out of play.
11:48 of 3rd period - Henrik Samuelsson wins face-off versus Quinton Howden in Remparts zone.
12:13 of 3rd period - Craig Smith is hit by Michael Latta and loses puck.
12:32 of 3rd period - Griffin Reinhart is hit by Andrew O'Brien and loses puck.
12:33 of 3rd period - Griffin Reinhart from Remparts is injured at 12:33 of 3rd period (Broken Ribs).
12:34 of 3rd period - Craig Smith wins face-off versus Michael Latta in Remparts zone.
13:06 of 3rd period - Snap shot by Jake Virtanen.
13:06 of 3rd period - Shot Misses the Net.
13:16 of 3rd period - Wrist shot by Will Butcher.
13:16 of 3rd period - Shot Misses the Net.
13:18 of 3rd period - Snap shot by Craig Smith.
13:18 of 3rd period - Goal by Craig Smith - Remparts : 5 - Mustangs : 2.
13:19 of 3rd period - Henrik Samuelsson wins face-off versus Michael Latta in neutral zone.
13:30 of 3rd period - Slapshot by Josh Jooris.
13:30 of 3rd period - Stopped by Igor Bobkov with a rebound.
13:49 of 3rd period - Slapshot by Will Butcher.
13:49 of 3rd period - Goal by Will Butcher - Remparts : 5 - Mustangs : 3.
13:50 of 3rd period - Melker Karlsson wins face-off versus Michael Latta in neutral zone.
13:53 of 3rd period - Snap shot by Will Butcher.
13:53 of 3rd period - Stopped by Igor Bobkov without a rebound.
13:54 of 3rd period - Melker Karlsson wins face-off versus Michael Latta in Remparts zone.
13:55 of 3rd period - Slapshot by Will Butcher.
13:55 of 3rd period - Stopped by Igor Bobkov with a rebound.
14:19 of 3rd period - Snap shot by Matt Puempel.
14:19 of 3rd period - Goal by Matt Puempel - Remparts : 6 - Mustangs : 3.
14:20 of 3rd period - Melker Karlsson wins face-off versus Quinton Howden in neutral zone.
14:23 of 3rd period - Slapshot by Jonathan Drouin.
14:23 of 3rd period - Shot Misses the Net.
15:10 of 3rd period - Slapshot by Will Butcher.
15:10 of 3rd period - Shot Blocked by Niklas Hansson.
15:12 of 3rd period - Snap shot by Nick Schmaltz.
15:12 of 3rd period - Mustangs goal is going for a video replay.
15:12 of 3rd period - The goal is good.
15:12 of 3rd period - Goal by Nick Schmaltz - Remparts : 6 - Mustangs : 4.
15:13 of 3rd period - Michael Latta wins face-off versus Melker Karlsson in neutral zone.
15:16 of 3rd period - Slapshot by Aaron Ekblad.
15:16 of 3rd period - Stopped by Anthony Stolarz without a rebound.
15:17 of 3rd period - Michael Latta wins face-off versus Melker Karlsson in Mustangs zone.
15:20 of 3rd period - Snap shot by Jonathan Huberdeau.
15:20 of 3rd period - Goal by Jonathan Huberdeau - Remparts : 7 - Mustangs : 4.
15:21 of 3rd period - Quinton Howden wins face-off versus Melker Karlsson in neutral zone.
15:29 of 3rd period - Jerry D'Amigo is hit by Scott Mayfield and loses puck.
16:32 of 3rd period - Slapshot by Will Butcher.
16:32 of 3rd period - Stopped by Igor Bobkov with a rebound.
16:34 of 3rd period - Snap shot by Henrik Samuelsson.
16:34 of 3rd period - Stopped by Igor Bobkov without a rebound.
16:35 of 3rd period - Henrik Samuelsson wins face-off versus Quinton Howden in Remparts zone.
16:44 of 3rd period - Snap shot by Henrik Samuelsson.
16:44 of 3rd period - Shot Blocked by Michal Jordan.
16:46 of 3rd period - Wrist shot by Henrik Samuelsson.
16:46 of 3rd period - Goal by Henrik Samuelsson - Remparts : 7 - Mustangs : 5.
16:47 of 3rd period - Iven Barbashev wins face-off versus Michael Latta in neutral zone.
16:54 of 3rd period - Snap shot by Iven Barbashev.
16:54 of 3rd period - Stopped by Igor Bobkov with a rebound.
16:56 of 3rd period - Slapshot by Nick Schmaltz.
16:56 of 3rd period - Shot Misses the Net.
16:58 of 3rd period - Wrist shot by Raphael Bussieres.
16:58 of 3rd period - Stopped by Igor Bobkov without a rebound.
16:59 of 3rd period - Iven Barbashev wins face-off versus Michael Latta in Remparts zone.
17:00 of 3rd period - Snap shot by Nick Schmaltz.
17:00 of 3rd period - Shot Blocked by Michal Jordan.
17:02 of 3rd period - Snap shot by Raphael Bussieres.
17:02 of 3rd period - Stopped by Igor Bobkov without a rebound.
17:03 of 3rd period - Jonathan Huberdeau wins face-off versus Iven Barbashev in Remparts zone.
17:17 of 3rd period - Snap shot by Iven Barbashev.
17:17 of 3rd period - Goal by Iven Barbashev - Remparts : 7 - Mustangs : 6.
17:18 of 3rd period - Iven Barbashev wins face-off versus Michael Latta in neutral zone.
17:45 of 3rd period - Jake Virtanen is hit by Scott Mayfield and loses puck.
18:11 of 3rd period - Snap shot by Jerry D'Amigo.
18:11 of 3rd period - Shot Blocked by Josh Jooris.
18:13 of 3rd period - Wrist shot by Kerby Rychel.
18:13 of 3rd period - Goal by Kerby Rychel - Remparts : 8 - Mustangs : 6.
18:14 of 3rd period - Mitchell Heard wins face-off versus Iven Barbashev in neutral zone.
18:21 of 3rd period - Wrist shot by Jake Virtanen.
18:21 of 3rd period - Deflect By Matt Puempel.
18:21 of 3rd period - Shot Misses the Net.
18:21 of 3rd period - Puck is out of play.
18:22 of 3rd period - Iven Barbashev wins face-off versus Mitchell Heard in Mustangs zone.
18:43 of 3rd period - Slapshot by Aaron Ekblad.
18:43 of 3rd period - Stopped by Anthony Stolarz with a rebound.
18:45 of 3rd period - Slapshot by Aaron Ekblad.
18:45 of 3rd period - Deflect By Matt Puempel.
18:45 of 3rd period - Shot Blocked by Will Butcher.
18:45 of 3rd period - Puck is out of play.
18:46 of 3rd period - Michael Latta wins face-off versus Melker Karlsson in Mustangs zone.
18:59 of 3rd period - Tobias Rieder is hit by Melker Karlsson and loses puck.
19:28 of 3rd period - Snap shot by Jordan Schmaltz.
19:28 of 3rd period - Deflect By Jerry D'Amigo.
19:28 of 3rd period - Stopped by Igor Bobkov with a rebound.
Goals for this period are 4 for Remparts vs 6 for Mustangs.
Shots for this period are 13 for Remparts vs 15 for Mustangs.